 Dungeon Crawl Stone Soup version 0.26-a0-651-gb41185065b (webtiles) character file.

Game seed: 225648499344222487

90265 grindst0ne the Protected (level 15, 0/144 HPs)
             Began as a Deep Dwarf Artificer on Oct 14, 2020.
             Was the Champion of Makhleb.
             Slain by a sun demon (5 damage)
             ... on level 2 of the Orcish Mines on Oct 16, 2020.
             The game lasted 01:04:28 (21356 turns).

grindst0ne the Protected (Deep Dwarf Artificer)    Turns: 21356, Time: 01:04:29

Health: 0/144      AC: 24    Str: 20      XL:     15   Next: 51%
Magic:  14/14      EV:  5    Int:  1 (13) God:    Makhleb [******]
Gold:   2384       SH: 24    Dex: 14      Spells: 14/14 levels left

rFire    + . .     SeeInvis .   b - +6 broad axe (elec)
rCold    . . .     Faith    .   P - +0 tower shield
rNeg     + . .     Spirit   .   Q - +0 plate armour
rPois    .         Reflect  +   K - +0 helmet
rElec    .         Harm     .   E - +0 cloak
rCorr    +         Rampage  .   U - +1 pair of gloves
MR       ++...                  A - +0 pair of boots
Stlth    ..........             p - amulet of reflection
HPRegen  0.00/turn              w - ring of resist corrosion
MPRegen  0.14/turn              V - ring of protection from fire

@: non-regenerating, slowed, lost intelligence, very slow
A: damage resistance, heal wounds, negative energy resistance 1, sense
surroundings 2, no regeneration
a: Heal Wounds, Minor Destruction, Lesser Servant of Makhleb, Major Destruction,
Greater Servant of Makhleb, Renounce Religion


You were on level 2 of the Orcish Mines.
You worshipped Makhleb.
Makhleb was exalted by your worship.
You visited 4 branches of the dungeon, and saw 24 of its levels.
You visited the Abyss 1 time.
You also visited: Sewer and Ossuary.

You collected 2384 gold pieces.

Inventory:

Hand Weapons
 a - the +1 hunting sling of Deflation {venom, rF+ rC+}
   (You found it on level 4 of the Dungeon)

   It poisons the ammo it fires.
   It protects you from fire.
   It protects you from cold.
 b - a +6 broad axe of electrocution (weapon)
 Z - the +8 hand axe of Eternal Harmony {freeze, rElec rPois}
   (You found it on level 11 of the Dungeon)

   It has been specially enchanted to freeze those struck by it, causing extra
   injury to most foes and up to half again as much damage against particularly
   susceptible opponents.
   It can also slow down cold-blooded creatures.
   It insulates you from electricity.
   It protects you from poison.
Missiles
 f - 87 poisoned darts (quivered)
 i - 3 atropa-tipped darts
 o - 608 stones
 q - 8 javelins
Armour
 v - a +0 kite shield
 A - a +0 pair of boots (worn)
 E - a +0 cloak (worn)
 K - a +0 helmet (worn)
 P - a +0 tower shield (worn)
 Q - a +0 plate armour (worn)
 U - a +1 pair of gloves (worn)
Jewellery
 p - an amulet of reflection (around neck)
 r - an uncursed ring of flight
 w - a ring of resist corrosion (left hand)
 V - a ring of protection from fire (right hand)
Wands
 c - a wand of flame (79)
 d - a wand of enslavement (20)
 e - a wand of random effects (20)
 M - a wand of digging (17)
 T - a wand of paralysis (14)
Scrolls
 g - 8 scrolls of magic mapping
 k - 8 scrolls of remove curse
 m - a scroll of blinking
 x - 12 scrolls of teleportation
 G - a scroll of fog
 H - 5 scrolls of amnesia
 J - a scroll of enchant armour
 W - 4 scrolls of fear
 X - a scroll of brand weapon
Potions
 h - 4 potions of flight
 l - 4 potions of cancellation
 n - 7 potions of haste
 s - 3 potions of lignification
 t - 2 potions of heal wounds
 u - a potion of curing
 z - 8 potions of brilliance
 B - 2 potions of ambrosia
 D - a potion of berserk rage
 I - 5 potions of mutation {unknown}
 L - 2 potions of might
Miscellaneous
 y - a condenser vane (1/2)
 N - a box of beasts (3/3)
 O - a phantom mirror
 Y - a phial of floods


   Skills:
 + Level 12.1 Fighting
 + Level 12.5 Axes
 - Level 6.0 Slings
 + Level 14.2 Armour
 - Level 1.1 Dodging
 - Level 1.2 Stealth
 + Level 13.9 Shields
 + Level 11.5 Invocations
 - Level 9.0 Evocations


You had 14 spell levels left.
You didn't know any spells.
Your spell library contained the following spells:

 Spells                   Type           Power        Failure   Level
 Animate Skeleton         Necr           #.....       100%        1
 Apportation              Tloc           #.....       100%        1
 Beastly Appendage        Tmut           #.....       100%        1
 Corona                   Hex            #......      100%        1
 Freeze                   Ice            #...         100%        1
 Summon Small Mammal      Summ           #...         100%        1
 Wereblood                Tmut           #.......     100%        2
 Frozen Ramparts          Ice            #.....       100%        3
 Ozocubu's Armour         Ice            #.......     100%        3
 Spider Form              Tmut/Pois      #.........   100%        3
 Hailstorm                Conj/Ice       #.......     100%        4
 Ice Form                 Ice/Tmut       #.......     100%        4
 Summon Ice Beast         Ice/Summ       #.......     100%        4
 Blade Hands              Tmut           #.........   100%        5
 Bolt of Magma            Conj/Fire/Erth #.........   100%        5
 Irradiate                Conj/Tmut      #.........   100%        5
 Iskenderun's Battlesphe  Conj           #.......     100%        5
 Hydra Form               Tmut           #.........   100%        6
 Iron Shot                Conj/Erth      #.........   100%        6
 Statue Form              Tmut/Erth      #........    100%        6
 Dragon Form              Tmut           #.........   100%        7
 Orb of Destruction       Conj           #.........   100%        7
 Spellforged Servitor     Conj/Summ      #.........   100%        7


Dungeon Overview and Level Annotations

Branches:
Dungeon (15/15)            Temple (1/1) D:4            Lair (6/6) D:11
 Shoals (0/4) Lair:4       Spider (0/4) Lair:4        Slime (0/5) Lair:5
    Orc (2/2) D:12            Elf (0/3) Orc:2        Vaults (0/5) D:13
 Depths (0/5) D:15          Sewer (visited)         Ossuary (visited)

Altars:
Ashenzari
Cheibriados
Dithmenos
Elyvilon
Gozag
Hepliaklqana
Kikubaaqudgha
Makhleb
Nemelex Xobeh
Sif Muna
Uskayaw
Wu Jian
Xom
Zin

Shops:
D:7 *   D:13 [   Orc:2 *?

Annotations:
Lair:5 exclusion: downstairs
Orc:1 1 runed translucent door, exclusion: 2 orange crystal statues


Innate Abilities, Weirdness & Mutations

You are resistant to damage.
You can heal yourself by infusing magical energy.
You resist negative energy. (rN+)
You passively map the area around you.
You do not regenerate.


Message History

You kill the orc knight!
Makhleb accepts your kill.
You feel better.
The sun demon hits you but does no damage.
You feel much better.
The orc knight is engulfed in blazing flames.
You block the orc knight's attack. The sun demon hits you!
* * * LOW HITPOINT WARNING * * *
You are engulfed in flames.
You resist.
* * * LOW HITPOINT WARNING * * *
The orc knight is engulfed in blazing flames.
The orc knight hits you with a +0 great mace!
* * * LOW HITPOINT WARNING * * *
You almost manage to decipher the scroll, but fail in this attempt.
You block the sun demon's attack.
The orc priest miscasts a cantrip.
The sun demon hits you!
* * * LOW HITPOINT WARNING * * *
You are engulfed in flames!
You resist.
You die...

..................##**
.................##
.#......##...#....
.......###..###..#
......###..#####.#
.....###..###.###.
#...###.)###...## *
...###))###.#.#§##
..###).###...#.☼@#
.###.)###...###§3o#
###..###...##,##§°§#*
##....))..## ##§§§#
#....#...## , ,*#§§§#
...#....## * * #§#§#*
*,* .#.....##,, ∩, ,,


ooo.# * ...#..## ,, * *..... ** * .#..... , *, , * , You could see an orc knight
(strong), a sun demon, an orc warrior (strong) and 2 orc priests.

Vanquished Creatures
  A fire giant (D:15)
  Nessos (D:14)
  A fire dragon (Lair:6)
  8 vault guards (D:13)
  6 hydras
  2 centaur warriors
  2 catoblepae (Lair:6)
  An ogre mage (D:15)
  3 two-headed ogres
  6 death yaks
  A tengu warrior (D:14)
  2 orc high priests (Orc:2)
  Nergalle (Lair:1)
  A large abomination (Abyss:2)
  4 skeletal warriors (D:12)
  4 wizards (D:15)
  A swamp dragon (Lair:6)
  2 unseen horrors
  4 orc knights
  2 orange crystal statues (Orc:1)
  2 deep elf magi (D:14)
  2 lindwurms (Lair:6)
  5 manticores
  An oklob plant (Lair:4)
  A wolf spider (Lair:5)
  An orc sorcerer (Orc:2)
  4 ugly things
  8 cyclopes
  6 elephants
  5 black mambas
  7 cane toads
  5 gargoyles
  An orange demon (Orc:2)
  2 torpor snails (Lair:6)
  8 komodo dragons
  5 rime drakes
  5 ice devils (Orc:2)
  A tengu conjurer (D:14)
  A troll (D:15)
  2 polar bears
  4 hornets
  10 slime creatures
  A meliai zombie (D:14)
  A snapping turtle (Lair:4)
  4 blink frogs
  3 dream sheep (Lair:6)
  16 hippogriffs
  2 shadows
  4 wyverns
  A redback (Lair:4)
  37 yaks
  7 basilisks
  2 steam dragons (Lair:6)
  3 vampire mosquitoes (D:15)
  2 wargs (Orc:2)
  2 soldier ants
  An acid dragon (D:13)
  10 water moccasins
  13 porcupines
  2 swamp drakes (Lair:6)
  3 ice beasts
  25 orc warriors
  2 sky beasts (D:5)
  2 black bears
  2 necrophages
  3 phantoms
  2 eyes of draining
  8 ogres
  15 centaurs
  12 crocodiles
  2 elf zombies (Ossuary)
  9 big kobolds
  21 bullfrogs
  A water moccasin skeleton (D:8)
  5 scorpions
  A hornet simulacrum (D:15)
  10 killer bees
  4 wights (D:8)
  6 howler monkeys
  3 electric eels
  2 bullfrog zombies (D:10)
  A quasit (D:14)
  7 centaur zombies
  8 hounds
  A bullfrog skeleton (D:7)
  5 jellies
  5 centaur skeletons
  18 orc priests
  21 orc wizards
  Crazy Yiuf (D:4)
  4 iguanas
  4 hell rats (Lair:6)
  11 worker ants
  2 hound skeletons
  2 mummies (Ossuary)
  2 worker ant zombies (D:9)
  16 gnolls
  2 howler monkey skeletons
  25 adders
  2 river rats (Sewer)
  A shadow imp (D:6)
  A white imp (D:6)
  An ufetubus (Abyss:2)
  4 oozes
  2 adder zombies (D:6)
  5 worms
  2 dart slugs (D:2)
  5 leopard geckos
  79 orcs
  7 ball pythons
  5 bats
  6 giant cockroaches
  6 goblins
  6 hobgoblins
  18 jackals
  7 quokkas
  A frilled lizard (D:2)
  2 goblin zombies (Ossuary)
  8 hobgoblin zombies (Ossuary)
  A jackal zombie (Ossuary)
  14 kobolds
  11 kobold zombies (Ossuary)
  A leopard gecko skeleton (D:4)
  7 orc zombies (Ossuary)
  A quokka skeleton (D:10)
  27 rats
  2 rat zombies
755 creatures vanquished.

Vanquished Creatures (collateral kills)
  2 hydras (Lair:6)
  A death yak (Lair:6)
  An oklob plant (Lair:4)
  A guardian serpent (D:11)
  A hornet (Lair:6)
  A yak (Lair:6)
  A centaur (D:9)
  An orc wizard (D:6)
  A centaur skeleton (D:6)
  A white imp (D:6)
  4 orcs (D:6)
15 creatures vanquished.

Vanquished Creatures (others)
  A deep elf mage (D:15)
  An orc (D:14)
  A frilled lizard (D:2)
  A bush (Lair:6)
  25 fungi
  61 plants
90 creatures vanquished.

Grand Total: 860 creatures vanquished

Notes
Turn   | Place    | Note
-------+----------+-------------------------------------------
     0 | D:1      | grindst0ne the Deep Dwarf Artificer began the quest for the
                  | Orb.
     0 | D:1      | Reached XP level 1. HP: 16/16 MP: 1/1
   268 | D:1      | Reached skill level 1 in Fighting
   579 | D:2      | Reached XP level 2. HP: 19/25 MP: 2/2
   632 | D:2      | Reached skill level 3 in Armour
   666 | D:2      | Reached XP level 3. HP: 24/32 MP: 3/3
   795 | D:2      | Reached skill level 1 in Slings
  1149 | D:2      | Reached XP level 4. HP: 24/40 MP: 4/4
  1524 | D:3      | Reached skill level 1 in Axes
  1530 | D:3      | Reached skill level 1 in Shields
  1537 | D:3      | Reached XP level 5. HP: 28/46 MP: 5/5
  1555 | D:3      | Found a glowing drain.
  1559 | Sewer    | Entered a sewer
  1656 | Sewer    | Reached skill level 4 in Armour
  1767 | Sewer    | Reached XP level 6. HP: 41/56 MP: 6/6
  2026 | Sewer    | Reached XP level 7. HP: 42/62 MP: 7/7
  2235 | Sewer    | Reached skill level 5 in Armour
  3079 | D:4      | Got a bloodstained hunting sling
  3084 | D:4      | Identified the cursed +1 hunting sling of Deflation {venom,
                  | rF+ rC+} (You found it on level 4 of the Dungeon)
  3165 | D:4      | Found a staircase to the Ecumenical Temple.
  3178 | Temple   | Entered the Ecumenical Temple
  3241 | Temple   | Became a worshipper of Makhleb the Destroyer
  3634 | D:4      | Reached XP level 8. HP: 58/73 MP: 8/8
  3783 | D:4      | Found a runed translucent door.
  3784 | D:4      | Noticed Crazy Yiuf
  3860 | D:4      | Found a snail-covered altar of Cheibriados.
  3862 | D:4      | Found a white marble altar of Elyvilon.
  3985 | D:4      | Killed Crazy Yiuf
  4071 | D:5      | Entered Level 5 of the Dungeon
  4077 | D:5      | Reached skill level 6 in Armour
  4101 | D:5      | Reached * piety under Makhleb
  4278 | D:5      | Reached skill level 5 in Shields
  4345 | D:5      | Reached skill level 5 in Fighting
  4716 | D:6      | Noticed a hornet
  4785 | D:6      | Killed a hornet
  4785 | D:6      | Reached skill level 1 in Invocations
  4902 | D:6      | Reached ** piety under Makhleb
  5031 | D:6      | Reached skill level 5 in Slings
  5031 | D:6      | Gained mutation: You passively map the area around you.
                  | [Deep Dwarf growth]
  5031 | D:6      | Reached XP level 9. HP: 81/81 MP: 9/9
  5524 | D:7      | Found Lipse's Assorted Antiques.
  5623 | D:7      | Reached skill level 7 in Armour
  5623 | D:7      | Reached skill level 5 in Evocations
  5719 | D:7      | Found a sand-covered staircase.
  5729 | Ossuary  | Entered an ossuary
  5817 | Ossuary  | Reached *** piety under Makhleb
  6276 | D:7      | Reached **** piety under Makhleb
  6621 | D:8      | Found an opulent altar of Gozag.
  6798 | D:8      | Reached skill level 5 in Invocations
  6894 | D:8      | Reached XP level 10. HP: 91/91 MP: 12/12
  6925 | D:8      | Found an ornate altar of the Wu Jian Council.
  7045 | D:8      | Reached skill level 8 in Armour
  7969 | D:9      | Noticed a gargoyle
  7974 | D:9      | Killed a gargoyle
  8220 | D:9      | Reached ***** piety under Makhleb
  8704 | D:10     | Entered Level 10 of the Dungeon
  9125 | D:10     | Reached skill level 9 in Armour
  9386 | D:10     | Found a shimmering altar of Xom.
  9479 | D:10     | Reached skill level 5 in Axes
  9580 | D:10     | Noticed a two-headed ogre
  9625 | D:10     | Killed a two-headed ogre
  9625 | D:10     | Reached XP level 11. HP: 41/100 MP: 14/14
 10083 | D:11     | Noticed a red ugly thing
 10089 | D:11     | Noticed a purple ugly thing
 10090 | D:11     | Killed a red ugly thing
 10122 | D:11     | Noticed a brown ugly thing
 10142 | D:11     | Killed a brown ugly thing
 10217 | D:11     | Got a fine hand axe
 10219 | D:11     | Identified the +8 hand axe of Eternal Harmony {freeze,
                  | rElec rPois} (You found it on level 11 of the Dungeon)
 10235 | D:11     | Paralysed by a hornet for 1 turns
 10679 | D:11     | Found a staircase to the Lair.
 11137 | D:11     | Killed an unseen horror
 11137 | D:11     | Reached skill level 10 in Armour
 11532 | D:11     | Killed a purple ugly thing
 11650 | Lair:1   | Entered Level 1 of the Lair of Beasts
 11969 | Lair:1   | Noticed Nergalle
 11983 | Lair:1   | Killed Nergalle
 12220 | Lair:1   | Reached XP level 12. HP: 112/112 MP: 14/14
 12571 | Lair:2   | Reached skill level 10 in Shields
 12932 | Lair:2   | Noticed a four-headed hydra
 12944 | Lair:2   | Killed a four-headed hydra
 13492 | Lair:3   | Reached ****** piety under Makhleb
 13549 | Lair:3   | Noticed a seven-headed hydra
 13566 | Lair:3   | Killed a seven-headed hydra
 13566 | Lair:3   | Reached skill level 11 in Armour
 14569 | Lair:4   | Found a hole to the Spider Nest.
 15038 | Lair:4   | Found a staircase to the Shoals.
 15328 | Lair:5   | Found a staircase to the Slime Pits.
 15393 | Lair:5   | Reached XP level 13. HP: 95/123 MP: 14/14
 15435 | Lair:5   | Reached skill level 10 in Fighting
 15436 | Lair:5   | Reached skill level 12 in Armour
 15916 | Lair:6   | Entered Level 6 of the Lair of Beasts
 15982 | Lair:6   | Reached skill level 10 in Axes
 16206 | Lair:6   | Noticed a fire dragon
 16231 | Lair:6   | Killed a fire dragon
 16649 | Lair:6   | Reached skill level 13 in Armour
 16649 | Lair:6   | Gained mutation: You resist negative energy. (rN+) [Deep
                  | Dwarf growth]
 16649 | Lair:6   | Reached XP level 14. HP: 85/133 MP: 13/13
 17834 | D:12     | Found a staircase to the Orcish Mines.
 18452 | D:13     | Found Sabiqed's Antique Armour Shoppe.
 18583 | D:13     | Found a gate to the Vaults.
 18612 | D:13     | Reached skill level 10 in Invocations
 19136 | D:14     | Noticed Nessos
 19151 | D:14     | Killed Nessos
 19528 | D:15     | Entered Level 15 of the Dungeon
 19531 | D:15     | Noticed a fire giant
 19532 | D:15     | Found a staircase to the Depths.
 19543 | D:15     | Reached XP level 15. HP: 104/144 MP: 15/15
 19605 | D:15     | Killed a fire giant
 19973 | D:15     | Paralysed by a wizard for 4 turns
 20023 | D:15     | Reached skill level 14 in Armour
 20025 | D:15     | Cast into level 2 of the Abyss (a wizard)
 20101 | D:15     | Escaped the Abyss
 20106 | D:15     | Found the +12 glaive of Prune {vorpal}
 20469 | Orc:1    | Entered Level 1 of the Orcish Mines
 20682 | Orc:1    | Found a runed translucent door.
 20816 | Orc:1    | Found the +10 tower shield of Ignorance {rN+ Int-4}
 20821 | Orc:1    | Found a runed translucent door.
 20954 | Orc:1    | Lost intelligence.
 20956 | Orc:1    | Noticed an orc warlord
 21067 | Orc:2    | Entered Level 2 of the Orcish Mines
 21067 | Orc:2    | Found a staircase to the Elven Halls.
 21277 | Orc:2    | Found Bav Kou's General Store.
 21282 | Orc:2    | Found Petteim's Magic Scroll Shop.
 21356 | Orc:2    | HP: 5/144 [sun demon (9)]
 21356 | Orc:2    | Slain by a sun demon

Illustrated notes

Levels and vault maps discovered:
D:1:      scummos_arrival_checkerplants, layout_loops_cross
D:2:      layout_rooms, minmay_rat_hole
D:3:      layout_loops_ring, gup_sewer_entry_spiral, kennysheep_generic_room_2
D:4:      layout_basic, minitemple, minmay_temple_entry_slanted,
          uniq_crazy_yiuf_cottage
D:5:      layout_cave_pools
D:6:      layout_loops_cross, minivault_4
D:7:      cheibrodos_helix_gallery, layout_basic, serial_shops,
          nicolae_shop_overgrown_old_shop, enter_ossuary_3,
          hangedman_abyss_or_decor_stabs
D:8:      layout_layer_cave, nicolae_overflow_crystal_walls,
          nicolae_overflow_hidden_temple
D:9:      layout_long_grid
D:10:     layout_long_grid, tgw_xom
D:11:     minmay_opposing_rooms, layout_cave_pods, lair_entry_dummy,
          nrook_guardian_serpent_ordinary
D:12:     layout_basic, orc_0_dummy
D:13:     layout_small_grid, erik_vaults_2, serial_shops, kennysheep_little_box
D:14:     layout_cave_pools, kennysheep_path_1, kb_tengu_band, uniq_nessos
D:15:     grunt_enter_depths_giant_problem, layout_irregular_city,
          nicolae_two_hexagons, chequers_jeans, hangedman_decor_lopped,
          minmay_guarded_unrand_prune
Temple:   hc_temple_tempest_star
Lair:1:   layout_small_grid, lemuel_fruit_tree, uniq_nergalle
Lair:2:   layout_small_grid, st_stairs_9, serial_bayou_shore_a,
          infiniplex_staircase_pool
Lair:3:   layout_hall_layers
Lair:4:   layout_regular_city, minmay_shoals_entry_hut,
          spider_nest_entry_rubble, minmay_lair_oklob_chamber,
          grunt_megastairs_3
Lair:5:   minmay_lair_venomous_thicket, layout_big_grid, slime_dummy
Lair:6:   guppyfry_lair_end_dragon, layout_regular_city,
          hangedman_lair_in_review
Orc:1:    layout_caves, serial_shops, chequers_guarded_unrand_ignorance
Orc:2:    pf_orc_diabolical, layout_caves

Skill      XL: |  1  2  3  4  5  6  7  8  9 10 11 12 13 14 15 |
---------------+----------------------------------------------+-----
Fighting       | 1 2 3 4 5 6 7 8 9 10 11 12 | 12.1
Armour         | 3 4 5 6 7 9 10 11 13 14 | 14.2
Slings         | 1 2 3 5 6 |  6.0
Axes           | 1 2 3 5 7 9 10 11 12 | 12.5
Shields        | 1 2 4 5 7 8 9 11 12 13 | 13.9
Invocations    | 2 5 7 9 10 11 | 11.5
Evocations     | 6 8 9 |  9.0
Dodging        | |  1.1
Stealth        | |  1.2

Action                   |  1- 3 |  4- 6 |  7- 9 | 10-12 | 13-15 || total
-------------------------+-------+-------+-------+-------+-------++-------
Melee: Hand axe          |    50 |   170 |    69 |    36 |       ||   325
       Club              |     8 |       |       |       |       ||     8
       Hunting sling     |       |       |     2 |       |       ||     2
       War axe           |       |       |   161 |   146 |       ||   307
       Unarmed           |       |       |       |    28 |       ||    28
       Broad axe         |       |       |       |   166 |  1006 ||  1172
 Fire: Hunting sling     |    61 |    93 |   631 |   805 |   122 ||  1712
Throw: Dart              |     2 |       |       |       |       ||     2
 Abil: Heal Wounds       |     1 |     2 |     4 |    10 |    14 ||    31
       Evoke Flight      |       |       |       |       |     2 ||     2
       Stop Flying       |       |       |       |       |     1 ||     1
Evoke: Wand              |       |       |     5 |    28 |    14 ||    47
       Box of beasts     |       |       |       |     3 |     3 ||     6
       Condenser vane    |       |       |       |     1 |     4 ||     5
       Phial of floods   |       |       |       |       |     1 ||     1
  Use: Scroll            |       |       |    14 |    13 |    17 ||    44
       Potion            |       |       |     2 |       |    12 ||    14
 Stab: Sleeping          |     2 |       |       |       |       ||     2
       Petrified         |       |       |       |       |     7 ||     7
       Petrifying        |       |       |       |       |     2 ||     2
Armor: Leather armour    |     5 |       |       |       |       ||     5
       Chain mail        |    22 |    84 |   156 |       |       ||   262
       Skin              |       |       |     2 |       |       ||     2
       Plate armour      |       |       |    16 |   480 |   571 ||  1067
Dodge: Dodged            |    33 |    35 |    59 |   145 |   206 ||   478
Block: Other             |    17 |       |       |       |       ||    17
       Reflection        |     1 |     5 |    10 |    43 |    48 ||   107
       Kite shield       |       |   152 |   389 |   778 |   762 ||  2081
       Tower shield      |       |       |       |       |   420 ||   420

Table legend: (Time is in decaauts)
 A = Elapsed time spent in this place.
 B = Non-inter-level travel time spent in this place.
 C = Inter-level travel time spent in this place.
 D = Time resting spent in this place.
 E = Time spent auto-exploring this place.
 F = Levels seen in this place.
 G = Mean time per level.
                   A        B        C        D        E       F      G
               +--------+--------+--------+--------+--------+-----+--------+
         Total |  22160 |  21250 |    910 |    606 |  12129 |  27 |  820.7 |
       Dungeon |  13586 |  13019 |    567 |    370 |   7660 |  15 |  905.7 |
        Temple |     91 |     64 |     27 |      0 |     60 |   1 |   91.0 |
          Lair |   5883 |   5597 |    286 |    236 |   3348 |   6 |  980.5 |
  Orcish Mines |   1099 |   1071 |     28 |      0 |    453 |   2 |  549.5 |
         Abyss |     76 |     76 |      0 |      0 |      0 |   1 |   76.0 |
         Sewer |   1095 |   1095 |      0 |      0 |    550 |   1 | 1095.0 |
       Ossuary |    328 |    328 |      0 |      0 |     56 |   1 |  328.0 |
               +--------+--------+--------+--------+--------+-----+--------+

Top non-repeatable levels by time:
    D:11: 1880 daAuts
  Lair:6: 1441 daAuts
     D:8: 1411 daAuts
  Lair:4: 1289 daAuts
    D:10: 1108 daAuts
   Sewer: 1095 daAuts
     D:3: 1083 daAuts
  Lair:2: 938 daAuts
     D:4: 922 daAuts
    D:12: 894 daAuts
     D:6: 888 daAuts
  Lair:1: 874 daAuts
     D:9: 836 daAuts
    D:15: 810 daAuts
  Lair:5: 769 daAuts
